[ AOE2 MATCH · #475390050 ]
UnrankedDravidians vs Persians
[ REPLAY ANALYSIS · EXTRACTED FROM THE RECORDED GAME ]
Feudal
7:14
Castle
10:47
Imperial
24:05
| APM avg | 67.7 |
| APM peak | 123 |
| eAPM avg | 30.8 |
| Villagers / military | 137 / 80 |
Focus
⚔️ 42.0% · 🌾 58.0%
Elephant Archer ×37 · Urumi Swordsman ×23 · Mangonel ×8 · Bombard Cannon ×8 · Monk ×3 · Trebuchet (Packed) ×1
Feudal
8:02
Castle
11:13
Imperial
22:42
| APM avg | 52.1 |
| APM peak | 116 |
| eAPM avg | 20.5 |
| Villagers / military | 129 / 110 |
Focus
⚔️ 30.5% · 🌾 69.5%
Knight ×103 · Trade Cart ×5 · Trebuchet (Packed) ×4 · Monk ×2 · Bombard Cannon ×1
Feudal
7:36
Castle
11:22
Imperial
24:43
| APM avg | 41.1 |
| APM peak | 61 |
| eAPM avg | 29.1 |
| Villagers / military | 170 / 78 |
Focus
⚔️ 30.7% · 🌾 69.3%
Cavalry Archer ×66 · Mangonel ×9 · Trebuchet (Packed) ×2 · Tarkan ×1
Feudal
6:51
Castle
10:34
Imperial
25:22
| APM avg | 40.3 |
| APM peak | 75 |
| eAPM avg | 21.4 |
| Villagers / military | 154 / 89 |
Focus
⚔️ 30.9% · 🌾 69.1%
Cavalry Archer ×84 · Archer ×4 · Monk ×1
Feudal
8:01
Castle
11:34
Imperial
23:39
| APM avg | 30.1 |
| APM peak | 58 |
| eAPM avg | 21.2 |
| Villagers / military | 146 / 101 |
Focus
⚔️ 31.6% · 🌾 68.4%
Archer ×57 · Obuch ×33 · Bombard Cannon ×4 · Trebuchet (Packed) ×4 · Battering Ram ×3
Feudal
7:37
Castle
11:14
Imperial
24:14
| APM avg | 23.4 |
| APM peak | 42 |
| eAPM avg | 19.2 |
| Villagers / military | 150 / 234 |
Focus
⚔️ 37.9% · 🌾 62.1%
Spearman ×155 · Battering Ram ×66 · Woad Raider ×10 · Monk ×3
Feudal
7:38
Castle
11:16
Imperial
25:40
| APM avg | 28.8 |
| APM peak | 66 |
| eAPM avg | 23.8 |
| Villagers / military | 129 / 125 |
Focus
⚔️ 40.5% · 🌾 59.5%
Spearman ×87 · Unknown (2550) ×53 · Kamayuk ×37 · Trade Cart ×16 · Monk ×1
Feudal
8:01
Castle
10:42
Imperial
24:08
| APM avg | 62.4 |
| APM peak | 216 |
| eAPM avg | 45.4 |
| Villagers / military | 140 / 137 |
Focus
⚔️ 61.2% · 🌾 38.8%
Ballista Elephant ×135 · Monk ×2
Match map
Initial resources + every placement click. Lines = walls · curves = elevation contours. ◆ gold · ⬟ stone · ● berries · ✦ relic · ◌ wall gap
Your base· ✓ Closed at 10:47 · 0t walls · 8 gate(s)
BoyWonder_'s base· ✓ Closed at 11:13 · 0t walls · 6 gate(s)
kazusa's base· ✓ Closed at 11:22 · 0t walls · 6 gate(s)
Brunker's base· ✓ Closed at 10:34 · 1t walls · 10 gate(s)
钢铁直男's base· ✓ Closed at 11:34 · 0t walls · 7 gate(s)
OS | dreamerion92's base· ✓ Closed at 11:14 · 0t walls · 5 gate(s)
犹大sama's base· ✓ Closed at 11:16 · 0t walls · 7 gate(s)
Zni.Locuss's base· ✓ Closed at 10:42 · 0t walls · 9 gate(s)
Smoothed initial terrain · ◌ = detected wall gap · hover for details
Inputs per minute
— ashikada - - BoyWonder_
Build order — ashikada
First 150 of 404 actions detected
| 0:01 | Create | Villager (Male) |
| 0:01 | Create | Villager (Male) |
| 0:06 | Build | Mill |
| 0:41 | Create | Villager (Male) |
| 0:44 | Create | Villager (Male) |
| 1:02 | Create | Villager (Male) |
| 1:12 | Research | Loom |
| 1:23 | Build | Lumber Camp |
| 1:26 | Create | Villager (Male) |
| 1:57 | Create | Villager (Male) |
| 1:57 | Create | Villager (Male) |
| 3:20 | Create | Villager (Male) |
| 3:35 | Create | Villager (Male) |
| 4:07 | Create | Villager (Male) |
| 4:21 | Build | Mining Camp |
| 4:39 | Create | Villager (Male) |
| 4:40 | Research | Feudal Age |
| 5:31 | Build | Farm |
| 5:40 | Create | Villager (Male) |
| 5:40 | Create | Villager (Male) |
| 6:27 | Build | Farm |
| 7:14 | Age | Feudal Age |
| 7:17 | Build | Market |
| 7:21 | Build | Blacksmith |
| 8:07 | Research | Castle Age |
| 8:07 | Research | Castle Age |
| 8:15 | Build | Lumber Camp |
| 8:29 | Research | Double-Bit Axe |
| 8:55 | Research | Horse Collar |
| 9:11 | Build | Farm |
| 9:22 | Build | Farm |
| 9:35 | Build | Farm |
| 10:02 | Create | Villager (Male) |
| 10:03 | Create | Villager (Male) |
| 10:12 | Research | Wheelbarrow |
| 10:47 | Age | Castle Age |
| 10:53 | Build | Town Center |
| 10:59 | Build | Town Center |
| 11:44 | Create | Villager (Male) |
| 12:07 | Create | Villager (Male) |
| 12:12 | Create | Villager (Male) |
| 12:13 | Create | Villager (Male) |
| 12:16 | Build | Farm |
| 12:23 | Research | Bow Saw |
| 12:31 | Build | Farm |
| 12:34 | Build | Farm |
| 12:44 | Create | Villager (Male) |
| 12:48 | Create | Villager (Male) |
| 12:50 | Build | Farm |
| 12:50 | Build | Farm |
| 12:51 | Build | Farm |
| 13:01 | Create | Villager (Male) |
| 13:03 | Build | Farm |
| 13:13 | Create | Villager (Male) |
| 13:17 | Build | Farm |
| 13:21 | Create | Villager (Male) |
| 13:24 | Create | Villager (Male) |
| 13:26 | Create | Villager (Male) |
| 13:30 | Build | Farm |
| 13:36 | Build | Farm |
| 13:39 | Build | Farm |
| 13:43 | Create | Villager (Male) |
| 13:47 | Build | Farm |
| 13:47 | Build | Farm |
| 13:57 | Create | Villager (Male) |
| 13:59 | Build | Farm |
| 14:02 | Create | Villager (Male) |
| 14:05 | Build | Farm |
| 14:12 | Build | Farm |
| 14:20 | Create | Villager (Male) |
| 14:20 | Create | Villager (Male) |
| 14:25 | Create | Villager (Male) |
| 14:29 | Build | Farm |
| 14:36 | Create | Villager (Male) |
| 14:44 | Build | Mining Camp |
| 14:45 | Create | Villager (Male) |
| 14:51 | Build | Farm |
| 14:54 | Create | Villager (Male) |
| 14:57 | Build | Farm |
| 15:00 | Create | Villager (Male) |
| 15:03 | Build | Farm |
| 15:05 | Build | Farm |
| 15:08 | Create | Villager (Male) |
| 15:09 | Build | Farm |
| 15:13 | Create | Villager (Male) |
| 15:19 | Create | Villager (Male) |
| 15:23 | Create | Villager (Male) |
| 15:29 | Build | House |
| 15:31 | Build | House |
| 15:32 | Create | Villager (Male) |
| 15:41 | Create | Villager (Male) |
| 15:45 | Create | Villager (Male) |
| 15:54 | Build | Monastery |
| 16:03 | Create | Villager (Male) |
| 16:07 | Create | Villager (Male) |
| 16:09 | Build | House |
| 16:10 | Build | House |
| 16:14 | Create | Villager (Male) |
| 16:17 | Build | Farm |
| 16:20 | Build | Farm |
| 16:23 | Create | Villager (Male) |
| 16:26 | Create | Villager (Male) |
| 16:31 | Build | House |
| 16:32 | Build | House |
| 16:33 | Build | House |
| 16:37 | Create | Villager (Male) |
| 16:40 | Build | Farm |
| 16:42 | Create | Monk |
| 16:47 | Create | Villager (Male) |
| 16:49 | Build | Farm |
| 16:54 | Create | Villager (Male) |
| 16:59 | Create | Villager (Male) |
| 17:01 | Create | Villager (Male) |
| 17:03 | Build | House |
| 17:04 | Build | House |
| 17:17 | Build | Town Center |
| 17:24 | Build | House |
| 17:26 | Build | House |
| 17:29 | Create | Villager (Male) |
| 17:38 | Create | Villager (Male) |
| 17:43 | Create | Monk |
| 17:48 | Create | Villager (Male) |
| 17:57 | Research | Hand Cart |
| 17:59 | Create | Villager (Male) |
| 18:06 | Create | Villager (Male) |
| 18:09 | Create | Villager (Male) |
| 18:15 | Create | Villager (Male) |
| 18:19 | Build | House |
| 18:20 | Build | House |
| 18:24 | Create | Villager (Male) |
| 18:36 | Create | Villager (Male) |
| 18:39 | Create | Villager (Male) |
| 18:45 | Create | Villager (Male) |
| 18:47 | Create | Villager (Male) |
| 18:53 | Build | House |
| 18:54 | Build | House |
| 18:58 | Create | Monk |
| 19:01 | Create | Villager (Male) |
| 19:10 | Create | Villager (Male) |
| 19:12 | Create | Villager (Male) |
| 19:14 | Build | Farm |
| 19:15 | Build | Farm |
| 19:15 | Build | Farm |
| 19:15 | Build | Farm |
| 19:16 | Build | Farm |
| 19:21 | Create | Villager (Male) |
| 19:30 | Create | Villager (Male) |
| 19:37 | Create | Villager (Male) |
| 19:41 | Build | Farm |
| 19:42 | Create | Villager (Male) |
Build order — BoyWonder_
First 150 of 428 actions detected
| 0:01 | Create | Villager (Male) |
| 0:02 | Build | Mill |
| 0:09 | Create | Villager (Male) |
| 0:10 | Create | Villager (Male) |
| 0:10 | Create | Villager (Male) |
| 0:10 | Create | Villager (Male) |
| 0:10 | Create | Villager (Male) |
| 0:55 | Create | Villager (Male) |
| 1:14 | Create | Villager (Male) |
| 1:14 | Create | Villager (Male) |
| 1:29 | Create | Villager (Male) |
| 1:29 | Create | Villager (Male) |
| 1:46 | Create | Villager (Male) |
| 2:08 | Create | Villager (Male) |
| 2:08 | Create | Villager (Male) |
| 2:08 | Create | Villager (Male) |
| 2:27 | Build | Lumber Camp |
| 2:48 | Create | Villager (Male) |
| 3:20 | Create | Villager (Male) |
| 3:24 | Create | Villager (Male) |
| 3:48 | Build | Farm |
| 4:22 | Create | Villager (Male) |
| 4:27 | Build | Farm |
| 4:55 | Build | Farm |
| 5:25 | Research | Feudal Age |
| 5:25 | Research | Feudal Age |
| 5:36 | Build | Mining Camp |
| 6:01 | Build | Farm |
| 7:44 | Create | Villager (Male) |
| 8:02 | Age | Feudal Age |
| 8:03 | Build | Market |
| 8:05 | Build | Blacksmith |
| 8:13 | Create | Villager (Male) |
| 8:36 | Build | Lumber Camp |
| 8:48 | Research | Castle Age |
| 8:48 | Research | Castle Age |
| 8:56 | Research | Double-Bit Axe |
| 8:56 | Research | Double-Bit Axe |
| 9:24 | Research | Horse Collar |
| 9:24 | Research | Horse Collar |
| 10:08 | Create | Villager (Male) |
| 11:13 | Age | Castle Age |
| 11:14 | Research | Bow Saw |
| 11:14 | Research | Bow Saw |
| 11:17 | Research | Heavy Plow |
| 11:17 | Research | Heavy Plow |
| 11:19 | Build | Town Center |
| 11:22 | Create | Villager (Male) |
| 11:32 | Build | Town Center |
| 11:48 | Create | Villager (Male) |
| 12:00 | Build | Farm |
| 12:01 | Build | Farm |
| 12:04 | Create | Villager (Male) |
| 12:21 | Create | Villager (Male) |
| 12:22 | Build | Farm |
| 12:29 | Build | Farm |
| 12:29 | Build | Farm |
| 12:30 | Build | Farm |
| 12:32 | Create | Villager (Male) |
| 12:44 | Create | Villager (Male) |
| 12:45 | Create | Villager (Male) |
| 12:49 | Build | Farm |
| 12:53 | Create | Villager (Male) |
| 13:03 | Build | Farm |
| 13:07 | Build | Farm |
| 13:10 | Build | Farm |
| 13:12 | Create | Villager (Male) |
| 13:12 | Create | Villager (Male) |
| 13:17 | Build | Farm |
| 13:19 | Create | Villager (Male) |
| 13:23 | Build | Farm |
| 13:30 | Build | Farm |
| 13:30 | Build | Farm |
| 13:37 | Build | Farm |
| 13:39 | Create | Villager (Male) |
| 13:39 | Create | Villager (Male) |
| 13:48 | Create | Villager (Male) |
| 13:50 | Create | Villager (Male) |
| 13:54 | Build | Farm |
| 13:56 | Build | Farm |
| 13:59 | Build | Farm |
| 13:59 | Build | Farm |
| 14:01 | Create | Villager (Male) |
| 14:06 | Create | Villager (Male) |
| 14:12 | Build | Farm |
| 14:17 | Create | Villager (Male) |
| 14:18 | Build | Farm |
| 14:22 | Create | Villager (Male) |
| 14:25 | Build | House |
| 14:29 | Create | Villager (Male) |
| 14:34 | Create | Villager (Male) |
| 14:39 | Build | Farm |
| 14:44 | Build | Farm |
| 14:46 | Create | Villager (Male) |
| 14:47 | Create | Villager (Male) |
| 14:53 | Create | Villager (Male) |
| 14:57 | Build | House |
| 14:59 | Create | Villager (Male) |
| 15:03 | Build | Monastery |
| 15:10 | Create | Villager (Male) |
| 15:13 | Build | Farm |
| 15:14 | Create | Villager (Male) |
| 15:22 | Create | Villager (Male) |
| 15:26 | Build | Farm |
| 15:26 | Create | Villager (Male) |
| 15:28 | Build | House |
| 15:30 | Create | Villager (Male) |
| 15:30 | Create | Villager (Male) |
| 15:37 | Build | Farm |
| 15:40 | Build | House |
| 15:48 | Create | Monk |
| 15:54 | Research | Wheelbarrow |
| 15:54 | Research | Wheelbarrow |
| 15:57 | Build | Farm |
| 15:58 | Create | Villager (Male) |
| 16:02 | Build | House |
| 16:03 | Create | Villager (Male) |
| 16:03 | Create | Villager (Male) |
| 16:04 | Create | Villager (Male) |
| 16:09 | Create | Villager (Male) |
| 16:09 | Create | Villager (Male) |
| 16:18 | Build | Farm |
| 16:20 | Build | Farm |
| 16:24 | Create | Villager (Male) |
| 16:26 | Build | Farm |
| 16:27 | Create | Villager (Male) |
| 16:32 | Create | Villager (Male) |
| 16:32 | Create | Villager (Male) |
| 16:33 | Create | Villager (Male) |
| 16:33 | Create | Villager (Male) |
| 16:37 | Build | House |
| 16:44 | Build | Farm |
| 16:58 | Create | Monk |
| 17:03 | Build | Farm |
| 17:05 | Create | Villager (Male) |
| 17:08 | Build | Farm |
| 17:10 | Build | Mill |
| 17:12 | Create | Villager (Male) |
| 17:18 | Build | Farm |
| 17:20 | Build | Farm |
| 17:21 | Build | Farm |
| 17:25 | Create | Villager (Male) |
| 17:27 | Build | Farm |
| 17:27 | Create | Villager (Male) |
| 17:29 | Create | Villager (Male) |
| 17:35 | Create | Villager (Male) |
| 17:47 | Create | Villager (Male) |
| 17:49 | Build | Farm |
| 17:51 | Create | Villager (Male) |
| 18:00 | Create | Villager (Male) |
Build order — kazusa
First 150 of 411 actions detected
| 0:01 | Create | Villager (Male) |
| 0:02 | Create | Villager (Male) |
| 0:17 | Create | Villager (Male) |
| 0:27 | Build | Lumber Camp |
| 0:27 | Create | Villager (Male) |
| 0:56 | Create | Villager (Male) |
| 1:35 | Create | Villager (Male) |
| 1:37 | Create | Villager (Male) |
| 2:31 | Build | Mill |
| 2:38 | Create | Villager (Male) |
| 3:13 | Create | Villager (Male) |
| 3:19 | Create | Villager (Male) |
| 3:24 | Create | Villager (Male) |
| 3:33 | Create | Villager (Male) |
| 3:34 | Create | Villager (Male) |
| 3:54 | Build | Farm |
| 4:13 | Build | Farm |
| 4:35 | Build | Farm |
| 4:57 | Create | Villager (Male) |
| 5:25 | Research | Feudal Age |
| 5:33 | Build | Lumber Camp |
| 6:11 | Create | Villager (Male) |
| 6:12 | Create | Villager (Male) |
| 7:36 | Age | Feudal Age |
| 7:42 | Build | Market |
| 7:50 | Build | Blacksmith |
| 8:42 | Research | Castle Age |
| 8:42 | Research | Castle Age |
| 9:01 | Research | Double-Bit Axe |
| 9:35 | Research | Horse Collar |
| 10:03 | Create | Villager (Male) |
| 10:20 | Build | Farm |
| 11:22 | Age | Castle Age |
| 11:28 | Build | Town Center |
| 11:32 | Build | Town Center |
| 11:33 | Create | Villager (Male) |
| 11:37 | Research | Bow Saw |
| 11:51 | Build | Farm |
| 11:53 | Create | Villager (Male) |
| 12:22 | Create | Villager (Male) |
| 12:25 | Build | Farm |
| 12:35 | Create | Villager (Male) |
| 12:47 | Create | Villager (Male) |
| 12:50 | Build | Farm |
| 12:50 | Create | Villager (Male) |
| 12:52 | Create | Villager (Male) |
| 12:54 | Build | Farm |
| 12:57 | Build | Farm |
| 13:00 | Create | Villager (Male) |
| 13:10 | Build | Farm |
| 13:12 | Create | Villager (Male) |
| 13:15 | Build | Farm |
| 13:16 | Create | Villager (Male) |
| 13:26 | Create | Villager (Male) |
| 13:30 | Build | Farm |
| 13:30 | Create | Villager (Male) |
| 13:41 | Build | Farm |
| 13:41 | Create | Villager (Male) |
| 13:44 | Create | Villager (Male) |
| 13:48 | Build | Farm |
| 13:55 | Build | Farm |
| 13:56 | Create | Villager (Male) |
| 14:07 | Build | Farm |
| 14:07 | Create | Villager (Male) |
| 14:12 | Build | Farm |
| 14:17 | Build | Farm |
| 14:17 | Create | Villager (Male) |
| 14:30 | Build | Farm |
| 14:31 | Create | Villager (Male) |
| 14:35 | Create | Villager (Male) |
| 14:35 | Create | Villager (Male) |
| 14:38 | Build | Farm |
| 14:46 | Create | Villager (Male) |
| 14:59 | Create | Villager (Male) |
| 15:01 | Build | Farm |
| 15:05 | Build | Farm |
| 15:09 | Create | Villager (Male) |
| 15:12 | Create | Villager (Male) |
| 15:22 | Create | Villager (Male) |
| 15:24 | Build | Town Center |
| 15:27 | Build | Farm |
| 15:33 | Create | Villager (Male) |
| 15:35 | Build | Farm |
| 15:43 | Build | Farm |
| 15:43 | Create | Villager (Male) |
| 15:43 | Create | Villager (Male) |
| 15:45 | Create | Villager (Male) |
| 15:52 | Build | Farm |
| 15:56 | Build | Farm |
| 15:56 | Create | Villager (Male) |
| 16:02 | Create | Villager (Male) |
| 16:06 | Build | Farm |
| 16:13 | Create | Villager (Male) |
| 16:15 | Build | Farm |
| 16:15 | Create | Villager (Male) |
| 16:19 | Build | Farm |
| 16:24 | Build | Farm |
| 16:25 | Create | Villager (Male) |
| 16:27 | Create | Villager (Male) |
| 16:29 | Build | Farm |
| 16:31 | Create | Villager (Male) |
| 16:39 | Create | Villager (Male) |
| 16:44 | Create | Villager (Male) |
| 16:46 | Build | Farm |
| 16:49 | Build | Farm |
| 16:50 | Create | Villager (Male) |
| 16:52 | Build | Farm |
| 17:05 | Create | Villager (Male) |
| 17:07 | Build | Farm |
| 17:09 | Build | Farm |
| 17:11 | Create | Villager (Male) |
| 17:14 | Build | Farm |
| 17:14 | Create | Villager (Male) |
| 17:18 | Create | Villager (Male) |
| 17:19 | Create | Villager (Male) |
| 17:21 | Create | Villager (Male) |
| 17:28 | Create | Villager (Male) |
| 17:35 | Build | Farm |
| 17:40 | Build | Farm |
| 17:42 | Create | Villager (Male) |
| 17:44 | Create | Villager (Male) |
| 17:50 | Create | Villager (Male) |
| 18:06 | Create | Villager (Male) |
| 18:11 | Create | Villager (Male) |
| 18:15 | Create | Villager (Male) |
| 18:20 | Build | Town Center |
| 18:21 | Create | Villager (Male) |
| 18:34 | Build | Mining Camp |
| 18:35 | Create | Villager (Male) |
| 18:43 | Research | Wheelbarrow |
| 18:43 | Create | Villager (Male) |
| 18:44 | Create | Villager (Male) |
| 18:46 | Build | Farm |
| 18:48 | Create | Villager (Male) |
| 18:49 | Create | Villager (Male) |
| 18:51 | Build | Farm |
| 18:57 | Build | Lumber Camp |
| 18:58 | Create | Villager (Male) |
| 19:12 | Build | Lumber Camp |
| 19:13 | Create | Villager (Male) |
| 19:40 | Create | Villager (Male) |
| 19:42 | Build | Farm |
| 19:44 | Build | Farm |
| 19:44 | Create | Villager (Male) |
| 19:48 | Create | Villager (Male) |
| 19:50 | Research | Gold Mining |
| 19:51 | Create | Villager (Male) |
| 19:56 | Create | Villager (Male) |
| 20:00 | Create | Villager (Male) |
| 20:04 | Build | Farm |
Build order — Brunker
First 150 of 389 actions detected
| 0:00 | Create | Villager (Male) |
| 0:01 | Create | Villager (Male) |
| 0:01 | Create | Villager (Male) |
| 0:01 | Create | Villager (Male) |
| 0:02 | Create | Villager (Male) |
| 0:02 | Create | Villager (Male) |
| 0:18 | Build | Lumber Camp |
| 1:02 | Create | Villager (Male) |
| 1:34 | Create | Villager (Male) |
| 2:10 | Create | Villager (Male) |
| 2:11 | Create | Villager (Male) |
| 3:01 | Create | Villager (Male) |
| 3:01 | Create | Villager (Male) |
| 3:02 | Create | Villager (Male) |
| 3:02 | Create | Villager (Male) |
| 3:02 | Create | Villager (Male) |
| 3:12 | Create | Villager (Male) |
| 3:12 | Create | Villager (Male) |
| 3:52 | Build | Mill |
| 3:57 | Create | Villager (Male) |
| 4:33 | Research | Feudal Age |
| 4:46 | Build | Mining Camp |
| 4:48 | Build | Farm |
| 4:55 | Build | Farm |
| 5:01 | Build | Farm |
| 6:51 | Age | Feudal Age |
| 6:55 | Build | Market |
| 6:58 | Build | Blacksmith |
| 7:03 | Create | Villager (Male) |
| 7:25 | Research | Loom |
| 7:54 | Research | Castle Age |
| 7:55 | Research | Castle Age |
| 8:08 | Research | Double-Bit Axe |
| 8:08 | Research | Double-Bit Axe |
| 8:50 | Build | Palisade Wall |
| 10:34 | Age | Castle Age |
| 10:37 | Build | Town Center |
| 10:38 | Research | Bow Saw |
| 10:38 | Create | Villager (Male) |
| 10:39 | Create | Villager (Male) |
| 10:39 | Create | Villager (Male) |
| 10:55 | Research | Horse Collar |
| 11:06 | Create | Villager (Male) |
| 11:52 | Create | Villager (Male) |
| 11:52 | Create | Villager (Male) |
| 11:58 | Build | Town Center |
| 12:03 | Create | Villager (Male) |
| 12:03 | Create | Villager (Male) |
| 12:14 | Build | Farm |
| 12:23 | Build | Farm |
| 12:28 | Create | Villager (Male) |
| 12:41 | Build | Farm |
| 12:44 | Create | Villager (Male) |
| 12:47 | Build | Farm |
| 13:04 | Build | Farm |
| 13:07 | Create | Villager (Male) |
| 13:21 | Create | Villager (Male) |
| 13:23 | Build | Farm |
| 13:26 | Build | Farm |
| 13:29 | Build | Farm |
| 13:30 | Create | Villager (Male) |
| 13:38 | Create | Villager (Male) |
| 13:41 | Build | Farm |
| 13:50 | Build | Lumber Camp |
| 13:55 | Create | Villager (Male) |
| 14:00 | Create | Villager (Male) |
| 14:08 | Build | Farm |
| 14:16 | Create | Villager (Male) |
| 14:25 | Create | Villager (Male) |
| 14:25 | Create | Villager (Male) |
| 14:36 | Build | Farm |
| 14:36 | Build | Farm |
| 14:44 | Create | Villager (Male) |
| 14:44 | Create | Villager (Male) |
| 14:50 | Build | Farm |
| 14:55 | Build | Farm |
| 14:59 | Create | Villager (Male) |
| 15:05 | Create | Villager (Male) |
| 15:10 | Build | House |
| 15:13 | Create | Villager (Male) |
| 15:13 | Create | Villager (Male) |
| 15:21 | Build | Farm |
| 15:22 | Build | Farm |
| 15:25 | Create | Villager (Male) |
| 15:32 | Build | Farm |
| 15:36 | Build | Farm |
| 15:36 | Create | Villager (Male) |
| 15:40 | Create | Villager (Male) |
| 15:46 | Build | Farm |
| 15:49 | Create | Villager (Male) |
| 15:52 | Build | House |
| 15:53 | Build | House |
| 15:54 | Create | Villager (Male) |
| 15:59 | Create | Villager (Male) |
| 16:10 | Create | Villager (Male) |
| 16:16 | Build | Farm |
| 16:20 | Create | Villager (Male) |
| 16:24 | Build | Farm |
| 16:29 | Create | Villager (Male) |
| 16:31 | Build | Farm |
| 16:34 | Create | Villager (Male) |
| 16:41 | Build | House |
| 16:42 | Create | Villager (Male) |
| 16:51 | Build | Farm |
| 16:51 | Build | Farm |
| 16:55 | Research | Heavy Plow |
| 16:59 | Create | Villager (Male) |
| 17:05 | Research | Wheelbarrow |
| 17:05 | Create | Villager (Male) |
| 17:09 | Create | Villager (Male) |
| 17:23 | Build | Farm |
| 17:27 | Build | Farm |
| 17:31 | Build | Farm |
| 17:32 | Research | Heavy Plow |
| 17:32 | Create | Villager (Male) |
| 17:35 | Create | Villager (Male) |
| 17:38 | Build | Farm |
| 17:40 | Build | Farm |
| 17:43 | Build | Farm |
| 17:44 | Create | Villager (Male) |
| 17:51 | Build | House |
| 17:52 | Create | Villager (Male) |
| 18:00 | Create | Villager (Male) |
| 18:07 | Build | Monastery |
| 18:13 | Build | Monastery |
| 18:14 | Create | Villager (Male) |
| 18:17 | Research | Gold Mining |
| 18:18 | Create | Villager (Male) |
| 18:22 | Create | Villager (Male) |
| 18:24 | Create | Villager (Male) |
| 18:28 | Build | House |
| 18:29 | Build | House |
| 18:30 | Create | Villager (Male) |
| 18:36 | Create | Villager (Male) |
| 18:50 | Build | Farm |
| 18:53 | Create | Villager (Male) |
| 19:00 | Build | Farm |
| 19:00 | Create | Villager (Male) |
| 19:01 | Create | Monk |
| 19:15 | Create | Villager (Male) |
| 19:15 | Create | Villager (Male) |
| 19:18 | Build | Farm |
| 19:21 | Create | Villager (Male) |
| 19:27 | Research | Hand Cart |
| 19:27 | Research | Hand Cart |
| 19:28 | Create | Villager (Male) |
| 19:41 | Build | Lumber Camp |
| 19:44 | Create | Villager (Male) |
| 19:46 | Create | Villager (Male) |
| 20:06 | Create | Villager (Male) |
Build order — 钢铁直男
First 150 of 304 actions detected
| 0:01 | Create | Villager (Male) ×4 |
| 0:11 | Build | Mill |
| 0:31 | Build | Lumber Camp |
| 1:36 | Create | Villager (Male) |
| 1:37 | Create | Villager (Male) |
| 1:37 | Create | Villager (Male) |
| 2:06 | Create | Villager (Male) |
| 2:40 | Create | Villager (Male) |
| 3:01 | Build | Lumber Camp |
| 3:16 | Create | Villager (Male) |
| 3:23 | Build | Farm |
| 3:39 | Create | Villager (Male) |
| 3:58 | Create | Villager (Male) |
| 4:03 | Build | Farm |
| 4:25 | Create | Villager (Male) |
| 4:32 | Build | Farm |
| 4:43 | Create | Villager (Male) |
| 4:43 | Create | Villager (Male) |
| 5:30 | Build | Mining Camp |
| 5:33 | Research | Feudal Age |
| 7:39 | Create | Villager (Male) |
| 7:39 | Create | Villager (Male) |
| 8:01 | Age | Feudal Age |
| 8:03 | Build | Blacksmith |
| 8:06 | Build | Market |
| 8:09 | Research | Double-Bit Axe |
| 8:54 | Research | Castle Age |
| 9:00 | Research | Horse Collar |
| 9:11 | Build | Farm |
| 9:14 | Build | Farm |
| 10:49 | Create | Villager (Male) |
| 10:49 | Create | Villager (Male) |
| 11:34 | Age | Castle Age |
| 11:37 | Build | Town Center |
| 11:45 | Build | Town Center |
| 11:50 | Research | Heavy Plow |
| 11:51 | Create | Villager (Male) |
| 11:53 | Research | Bow Saw |
| 12:17 | Build | Farm |
| 12:23 | Create | Villager (Male) |
| 12:36 | Build | Farm |
| 12:39 | Build | Farm |
| 12:41 | Create | Villager (Male) |
| 13:00 | Create | Villager (Male) |
| 13:14 | Create | Villager (Male) |
| 13:14 | Create | Villager (Male) |
| 13:21 | Build | Farm |
| 13:23 | Build | Farm |
| 13:36 | Build | Mill |
| 13:38 | Create | Villager (Male) |
| 13:39 | Create | Villager (Male) ×5 |
| 13:39 | Create | Villager (Male) ×4 |
| 13:40 | Create | Villager (Male) ×4 |
| 14:01 | Create | Villager (Male) |
| 14:02 | Create | Villager (Male) |
| 14:10 | Build | Farm |
| 14:11 | Build | Farm |
| 14:11 | Build | Farm |
| 14:16 | Build | Farm |
| 14:18 | Build | Farm |
| 14:21 | Create | Villager (Male) |
| 14:37 | Build | Mill |
| 14:40 | Build | Farm |
| 14:43 | Build | Farm |
| 14:45 | Build | Farm |
| 14:55 | Build | Lumber Camp |
| 15:00 | Build | Farm |
| 15:03 | Build | Farm |
| 15:05 | Create | Villager (Male) ×5 |
| 15:13 | Research | Wheelbarrow |
| 15:26 | Build | Farm |
| 15:29 | Build | Farm |
| 15:34 | Build | Farm |
| 15:36 | Build | Farm |
| 15:38 | Research | Loom |
| 16:04 | Create | Villager (Male) |
| 16:17 | Create | Villager (Male) |
| 16:25 | Create | Villager (Male) |
| 16:33 | Build | Town Center |
| 16:36 | Build | Farm |
| 16:40 | Create | Villager (Male) ×5 |
| 16:43 | Build | Farm |
| 16:47 | Build | Farm |
| 16:55 | Research | Gold Mining |
| 16:58 | Create | Villager (Male) |
| 17:07 | Build | House |
| 17:08 | Build | House |
| 17:09 | Build | House |
| 17:14 | Create | Villager (Male) |
| 17:34 | Create | Villager (Male) |
| 17:37 | Create | Villager (Male) |
| 17:43 | Research | Hand Cart |
| 17:44 | Create | Villager (Male) |
| 17:44 | Create | Villager (Male) |
| 17:56 | Research | Stone Mining |
| 17:56 | Research | Stone Mining |
| 17:58 | Create | Villager (Male) |
| 17:58 | Create | Villager (Male) |
| 18:08 | Create | Villager (Male) |
| 18:15 | Build | Archery Range |
| 18:19 | Create | Villager (Male) |
| 18:34 | Build | Stone Wall |
| 18:37 | Create | Villager (Male) |
| 18:37 | Create | Villager (Male) |
| 18:42 | Build | Archery Range |
| 18:45 | Create | Villager (Male) |
| 18:45 | Create | Villager (Male) |
| 18:46 | Create | Villager (Male) |
| 18:47 | Create | Villager (Male) |
| 18:55 | Create | Villager (Male) |
| 19:01 | Create | Villager (Male) |
| 19:12 | Build | Farm |
| 19:13 | Build | Mill |
| 19:17 | Build | Farm |
| 19:18 | Build | Farm |
| 19:20 | Build | Farm |
| 19:24 | Build | Farm |
| 19:25 | Create | Villager (Male) |
| 19:26 | Create | Villager (Male) |
| 19:26 | Create | Villager (Male) |
| 19:46 | Create | Villager (Male) |
| 19:46 | Create | Villager (Male) |
| 19:47 | Create | Villager (Male) |
| 19:54 | Build | Archery Range |
| 19:57 | Research | Town Watch |
| 19:59 | Create | Villager (Male) |
| 19:59 | Create | Villager (Male) |
| 20:05 | Create | Villager (Male) |
| 20:21 | Build | Stone Wall |
| 20:23 | Build | Gate |
| 20:29 | Research | Imperial Age |
| 20:34 | Build | Farm |
| 20:35 | Build | Farm |
| 20:38 | Build | Farm |
| 20:59 | Build | Castle |
| 21:01 | Build | Outpost |
| 21:02 | Create | Archer |
| 21:03 | Research | Crossbowman (upgrade) |
| 21:05 | Research | Fletching |
| 21:06 | Create | Villager (Male) |
| 21:08 | Build | University |
| 21:11 | Create | Villager (Male) ×5 |
| 21:22 | Build | Lumber Camp |
| 21:37 | Create | Villager (Male) |
| 21:40 | Research | Bodkin Arrow |
| 21:45 | Build | House |
| 21:46 | Build | House |
| 21:46 | Build | House |
| 21:51 | Build | House |
| 21:52 | Build | House |
Build order — OS | dreamerion92
First 150 of 405 actions detected
| 0:02 | Create | Villager (Male) |
| 0:10 | Build | Lumber Camp |
| 0:13 | Create | Villager (Male) |
| 0:13 | Create | Villager (Male) |
| 0:18 | Build | Mill |
| 0:19 | Create | Villager (Male) |
| 1:39 | Create | Villager (Male) |
| 1:39 | Create | Villager (Male) |
| 1:40 | Create | Villager (Male) |
| 1:51 | Create | Villager (Male) |
| 2:21 | Create | Villager (Male) |
| 2:43 | Create | Villager (Male) |
| 2:59 | Create | Villager (Male) |
| 3:13 | Create | Villager (Male) |
| 3:28 | Create | Villager (Male) |
| 3:31 | Build | Farm |
| 3:32 | Create | Villager (Male) |
| 3:34 | Build | Farm |
| 3:50 | Build | Farm |
| 4:35 | Build | Farm |
| 5:06 | Build | Mining Camp |
| 5:23 | Research | Feudal Age |
| 5:36 | Build | Farm |
| 5:40 | Create | Villager (Male) |
| 5:41 | Create | Villager (Male) |
| 7:11 | Create | Villager (Male) |
| 7:37 | Age | Feudal Age |
| 7:41 | Build | Market |
| 7:43 | Build | Blacksmith |
| 8:34 | Research | Castle Age |
| 9:05 | Research | Double-Bit Axe |
| 9:08 | Create | Villager (Male) |
| 9:36 | Build | Lumber Camp |
| 10:03 | Research | Horse Collar |
| 10:16 | Create | Villager (Male) |
| 11:14 | Age | Castle Age |
| 11:21 | Build | Town Center |
| 11:28 | Build | Town Center |
| 11:34 | Research | Bow Saw |
| 11:35 | Create | Villager (Male) |
| 11:48 | Research | Heavy Plow |
| 12:07 | Create | Villager (Male) |
| 12:14 | Build | Farm |
| 12:24 | Create | Villager (Male) |
| 12:28 | Build | Farm |
| 12:31 | Build | Farm |
| 12:53 | Create | Villager (Male) |
| 12:56 | Build | Farm |
| 12:59 | Build | Farm |
| 13:01 | Create | Villager (Male) |
| 13:01 | Create | Villager (Male) |
| 13:05 | Build | Farm |
| 13:06 | Create | Villager (Male) |
| 13:07 | Create | Villager (Male) |
| 13:11 | Build | Farm |
| 13:16 | Build | Farm |
| 13:30 | Build | Farm |
| 13:38 | Create | Villager (Male) |
| 13:38 | Create | Villager (Male) |
| 13:40 | Build | Farm |
| 13:42 | Build | Farm |
| 13:44 | Build | Farm |
| 13:49 | Build | Farm |
| 13:53 | Create | Villager (Male) |
| 13:54 | Create | Villager (Male) |
| 14:04 | Create | Villager (Male) |
| 14:05 | Create | Villager (Male) |
| 14:07 | Build | Farm |
| 14:10 | Create | Villager (Male) |
| 14:11 | Create | Villager (Male) |
| 14:19 | Build | Farm |
| 14:22 | Create | Villager (Male) |
| 14:22 | Create | Villager (Male) |
| 14:28 | Build | Farm |
| 14:31 | Create | Villager (Male) |
| 14:31 | Create | Villager (Male) |
| 14:42 | Create | Villager (Male) |
| 14:42 | Create | Villager (Male) |
| 14:47 | Build | Monastery |
| 14:49 | Create | Villager (Male) |
| 14:50 | Create | Villager (Male) |
| 14:57 | Create | Woad Raider |
| 15:04 | Build | Farm |
| 15:11 | Build | Mining Camp |
| 15:14 | Create | Villager (Male) |
| 15:14 | Create | Villager (Male) |
| 15:23 | Create | Villager (Male) |
| 15:23 | Create | Villager (Male) |
| 15:34 | Create | Monk |
| 15:40 | Create | Villager (Male) |
| 15:40 | Create | Villager (Male) |
| 15:40 | Create | Villager (Male) |
| 15:56 | Build | Town Center |
| 15:58 | Create | Villager (Male) |
| 15:58 | Create | Villager (Male) |
| 15:58 | Create | Villager (Male) |
| 16:05 | Build | House |
| 16:06 | Build | House |
| 16:15 | Research | Gold Mining |
| 16:16 | Create | Villager (Male) |
| 16:16 | Create | Villager (Male) |
| 16:24 | Build | Farm |
| 16:25 | Create | Villager (Male) |
| 16:26 | Create | Villager (Male) |
| 16:34 | Build | House |
| 16:37 | Research | Loom |
| 16:37 | Research | Loom |
| 16:45 | Research | Wheelbarrow |
| 16:55 | Build | Farm |
| 16:56 | Build | Farm |
| 16:57 | Create | Villager (Male) |
| 16:57 | Create | Villager (Male) |
| 17:03 | Create | Villager (Male) |
| 17:04 | Create | Villager (Male) |
| 17:06 | Build | House |
| 17:08 | Create | Villager (Male) |
| 17:08 | Create | Villager (Male) |
| 17:11 | Build | Farm |
| 17:17 | Create | Villager (Male) |
| 17:17 | Create | Villager (Male) |
| 17:24 | Create | Villager (Male) |
| 17:29 | Create | Villager (Male) |
| 17:33 | Build | Farm |
| 17:36 | Build | Farm |
| 17:37 | Create | Villager (Male) |
| 17:37 | Create | Villager (Male) |
| 17:44 | Build | House |
| 17:58 | Create | Villager (Male) |
| 17:58 | Create | Villager (Male) |
| 17:59 | Create | Villager (Male) |
| 18:02 | Create | Villager (Male) |
| 18:02 | Create | Villager (Male) |
| 18:05 | Build | Farm |
| 18:06 | Build | Farm |
| 18:06 | Build | Farm |
| 18:06 | Build | Farm |
| 18:07 | Build | Farm |
| 18:10 | Create | Villager (Male) |
| 18:10 | Create | Villager (Male) |
| 18:10 | Create | Villager (Male) |
| 18:16 | Build | House |
| 18:21 | Build | House |
| 18:23 | Create | Villager (Male) |
| 18:23 | Create | Villager (Male) |
| 18:26 | Build | Farm |
| 18:27 | Create | Villager (Male) |
| 18:28 | Create | Villager (Male) |
| 18:34 | Create | Villager (Male) |
| 18:39 | Create | Villager (Male) |
| 18:39 | Create | Villager (Male) |
Build order — 犹大sama
First 150 of 472 actions detected
| 0:01 | Create | Villager (Male) |
| 0:01 | Create | Villager (Male) |
| 0:01 | Create | Villager (Male) |
| 0:01 | Create | Villager (Male) |
| 0:07 | Build | Settlement |
| 1:12 | Create | Villager (Male) |
| 1:46 | Build | Settlement |
| 1:55 | Build | Settlement |
| 1:59 | Create | Villager (Male) |
| 2:01 | Create | Villager (Male) |
| 2:51 | Create | Villager (Male) |
| 2:52 | Create | Villager (Male) |
| 3:48 | Create | Villager (Male) |
| 3:58 | Create | Villager (Male) |
| 4:01 | Build | Farm |
| 4:10 | Create | Villager (Male) |
| 4:46 | Build | Farm |
| 5:03 | Create | Villager (Male) |
| 5:11 | Research | Feudal Age |
| 5:44 | Build | Farm |
| 5:50 | Build | Farm |
| 5:58 | Create | Villager (Male) |
| 6:00 | Create | Villager (Male) |
| 7:38 | Age | Feudal Age |
| 7:40 | Build | Blacksmith |
| 7:42 | Build | Market |
| 7:47 | Research | Horse Collar |
| 8:36 | Research | Castle Age |
| 8:43 | Build | Farm |
| 8:55 | Build | Farm |
| 9:05 | Build | Farm |
| 9:16 | Research | Double-Bit Axe |
| 9:16 | Research | Double-Bit Axe |
| 9:54 | Create | Villager (Male) |
| 10:20 | Create | Villager (Male) |
| 11:16 | Age | Castle Age |
| 11:19 | Build | Town Center |
| 11:26 | Create | Villager (Male) |
| 11:45 | Build | Town Center |
| 12:03 | Create | Villager (Male) |
| 12:20 | Research | Bow Saw |
| 12:34 | Build | Farm |
| 12:41 | Create | Villager (Male) |
| 12:45 | Build | Farm |
| 12:49 | Create | Villager (Male) |
| 12:59 | Build | Farm |
| 13:05 | Create | Villager (Male) |
| 13:07 | Create | Villager (Male) |
| 13:13 | Build | Farm |
| 13:18 | Create | Villager (Male) |
| 13:19 | Create | Villager (Male) |
| 13:20 | Create | Villager (Male) |
| 13:23 | Build | Farm |
| 13:31 | Create | Villager (Male) |
| 13:40 | Build | Farm |
| 13:43 | Research | Wheelbarrow |
| 13:48 | Build | Farm |
| 14:03 | Create | Villager (Male) |
| 14:05 | Build | Farm |
| 14:10 | Build | Farm |
| 14:12 | Create | Villager (Male) |
| 14:15 | Build | Farm |
| 14:23 | Build | Farm |
| 14:25 | Create | Villager (Male) |
| 14:28 | Build | Farm |
| 14:29 | Create | Villager (Male) |
| 14:29 | Create | Villager (Male) |
| 14:40 | Build | Farm |
| 14:47 | Create | Villager (Male) |
| 14:58 | Create | Villager (Male) |
| 15:11 | Build | Town Center |
| 15:14 | Create | Villager (Male) |
| 15:19 | Build | Farm |
| 15:20 | Create | Villager (Male) |
| 15:28 | Create | Villager (Male) |
| 15:36 | Build | Farm |
| 15:38 | Create | Villager (Male) |
| 15:42 | Create | Villager (Male) |
| 15:50 | Create | Villager (Male) |
| 15:58 | Create | Villager (Male) |
| 15:59 | Build | Farm |
| 16:08 | Create | Villager (Male) |
| 16:20 | Create | Villager (Male) |
| 16:22 | Create | Villager (Male) |
| 16:25 | Build | Town Center |
| 16:27 | Create | Villager (Male) |
| 16:30 | Build | Farm |
| 16:32 | Create | Villager (Male) |
| 16:37 | Build | Farm |
| 16:40 | Create | Villager (Male) |
| 16:43 | Build | Farm |
| 16:45 | Build | Farm |
| 16:46 | Create | Villager (Male) |
| 16:53 | Create | Villager (Male) |
| 16:54 | Create | Villager (Male) |
| 16:56 | Build | Farm |
| 17:05 | Create | Villager (Male) |
| 17:08 | Build | Farm |
| 17:10 | Create | Villager (Male) |
| 17:12 | Build | Farm |
| 17:15 | Create | Villager (Male) |
| 17:21 | Create | Villager (Male) |
| 17:27 | Build | Farm |
| 17:28 | Create | Villager (Male) |
| 17:31 | Create | Villager (Male) |
| 17:36 | Build | Farm |
| 17:38 | Build | Farm |
| 17:39 | Create | Villager (Male) |
| 17:41 | Build | Farm |
| 17:42 | Create | Villager (Male) |
| 17:47 | Build | Farm |
| 17:49 | Build | Farm |
| 17:50 | Create | Villager (Male) |
| 17:54 | Create | Villager (Male) |
| 17:55 | Build | Farm |
| 17:56 | Build | Farm |
| 17:58 | Create | Villager (Male) |
| 17:59 | Build | Farm |
| 18:03 | Create | Villager (Male) |
| 18:08 | Build | Farm |
| 18:09 | Create | Villager (Male) |
| 18:11 | Create | Villager (Male) |
| 18:17 | Create | Villager (Male) |
| 18:20 | Create | Villager (Male) |
| 18:24 | Build | Farm |
| 18:28 | Build | Farm |
| 18:29 | Create | Villager (Male) |
| 18:34 | Build | Farm |
| 18:35 | Create | Villager (Male) |
| 18:37 | Build | Farm |
| 18:40 | Create | Villager (Male) |
| 18:41 | Create | Villager (Male) |
| 18:46 | Build | Farm |
| 18:47 | Create | Villager (Male) |
| 18:48 | Build | Farm |
| 18:51 | Create | Villager (Male) |
| 18:56 | Build | Farm |
| 18:57 | Create | Villager (Male) |
| 19:02 | Create | Villager (Male) |
| 19:03 | Create | Villager (Male) |
| 19:06 | Build | Farm |
| 19:11 | Create | Villager (Male) |
| 19:16 | Build | Farm |
| 19:18 | Create | Villager (Male) |
| 19:24 | Build | Farm |
| 19:25 | Create | Villager (Male) |
| 19:28 | Build | Settlement |
| 19:30 | Create | Villager (Male) |
| 19:32 | Create | Villager (Male) |
| 19:35 | Build | Farm |
Build order — Zni.Locuss
First 150 of 428 actions detected
| 0:01 | Create | Villager (Male) |
| 0:03 | Build | Mill |
| 0:09 | Create | Villager (Male) |
| 0:09 | Create | Villager (Male) |
| 0:09 | Create | Villager (Male) |
| 0:26 | Build | Lumber Camp |
| 1:16 | Create | Villager (Male) |
| 1:16 | Create | Villager (Male) |
| 1:39 | Create | Villager (Male) |
| 1:39 | Create | Villager (Male) |
| 1:40 | Create | Villager (Male) |
| 2:03 | Create | Villager (Male) |
| 2:04 | Create | Villager (Male) |
| 2:04 | Create | Villager (Male) |
| 2:34 | Create | Villager (Male) |
| 2:51 | Create | Villager (Male) |
| 2:51 | Create | Villager (Male) |
| 3:25 | Create | Villager (Male) |
| 3:49 | Build | Farm |
| 3:59 | Create | Villager (Male) |
| 4:07 | Create | Villager (Male) |
| 4:13 | Build | Farm |
| 4:27 | Build | Lumber Camp |
| 4:31 | Create | Villager (Male) |
| 4:36 | Build | Farm |
| 5:40 | Build | Mining Camp |
| 5:44 | Research | Feudal Age |
| 8:01 | Age | Feudal Age |
| 8:02 | Research | Castle Age |
| 8:02 | Research | Castle Age |
| 8:25 | Research | Double-Bit Axe |
| 8:47 | Research | Horse Collar |
| 9:37 | Create | Villager (Male) |
| 10:24 | Create | Villager (Male) |
| 10:42 | Age | Castle Age |
| 10:43 | Build | Town Center |
| 10:45 | Build | Town Center |
| 10:56 | Build | Farm |
| 10:59 | Research | Bow Saw |
| 11:03 | Build | Farm |
| 11:15 | Create | Villager (Male) |
| 11:18 | Build | Farm |
| 11:33 | Create | Villager (Male) |
| 11:41 | Create | Villager (Male) |
| 11:41 | Create | Villager (Male) |
| 11:50 | Build | Farm |
| 11:52 | Create | Villager (Male) |
| 11:52 | Create | Villager (Male) |
| 12:01 | Create | Villager (Male) |
| 12:01 | Create | Villager (Male) |
| 12:06 | Build | Farm |
| 12:18 | Build | Farm |
| 12:18 | Build | Farm |
| 12:23 | Create | Villager (Male) |
| 12:29 | Build | Farm |
| 12:30 | Create | Villager (Male) |
| 12:35 | Create | Villager (Male) |
| 12:41 | Create | Villager (Male) |
| 12:47 | Build | Farm |
| 12:52 | Create | Villager (Male) |
| 12:55 | Create | Villager (Male) |
| 12:58 | Create | Villager (Male) |
| 13:03 | Build | Farm |
| 13:06 | Build | Farm |
| 13:11 | Create | Villager (Male) |
| 13:15 | Build | House |
| 13:16 | Build | House |
| 13:20 | Create | Villager (Male) |
| 13:28 | Build | Farm |
| 13:28 | Build | Farm |
| 13:35 | Create | Villager (Male) |
| 13:38 | Create | Villager (Male) |
| 13:44 | Create | Villager (Male) |
| 13:48 | Build | Mining Camp |
| 13:53 | Build | Farm |
| 13:56 | Build | Farm |
| 13:59 | Create | Villager (Male) |
| 14:05 | Create | Villager (Male) |
| 14:06 | Create | Villager (Male) |
| 14:08 | Build | House |
| 14:09 | Build | House |
| 14:15 | Create | Villager (Male) |
| 14:24 | Create | Villager (Male) |
| 14:28 | Create | Villager (Male) |
| 14:32 | Build | Farm |
| 14:48 | Build | Monastery |
| 14:52 | Build | House |
| 14:53 | Build | House |
| 14:54 | Build | House |
| 14:56 | Create | Villager (Male) |
| 14:57 | Create | Villager (Male) |
| 14:59 | Create | Villager (Male) |
| 15:05 | Create | Villager (Male) |
| 15:08 | Build | Farm |
| 15:16 | Create | Villager (Male) |
| 15:21 | Create | Villager (Male) |
| 15:23 | Build | Farm |
| 15:28 | Create | Monk |
| 15:36 | Create | Villager (Male) |
| 15:39 | Create | Villager (Male) |
| 15:49 | Build | Town Center |
| 15:57 | Build | Farm |
| 15:58 | Create | Villager (Male) |
| 16:01 | Create | Villager (Male) |
| 16:06 | Create | Villager (Male) |
| 16:10 | Build | House |
| 16:11 | Build | House |
| 16:37 | Create | Villager (Male) |
| 16:37 | Create | Villager (Male) |
| 16:38 | Create | Villager (Male) |
| 16:41 | Build | Farm |
| 16:42 | Build | Farm |
| 16:46 | Create | Villager (Male) |
| 16:48 | Build | Lumber Camp |
| 16:52 | Create | Villager (Male) |
| 16:54 | Create | Villager (Male) |
| 17:05 | Research | Wheelbarrow |
| 17:06 | Research | Wheelbarrow |
| 17:08 | Create | Villager (Male) |
| 17:09 | Create | Villager (Male) |
| 17:12 | Build | Farm |
| 17:15 | Create | Villager (Male) |
| 17:17 | Build | Farm |
| 17:18 | Create | Villager (Male) |
| 17:20 | Build | Farm |
| 17:21 | Build | Farm |
| 17:27 | Create | Villager (Male) |
| 17:29 | Create | Villager (Male) |
| 17:32 | Build | House |
| 17:33 | Build | House |
| 17:34 | Build | House |
| 17:46 | Create | Monk |
| 17:54 | Create | Villager (Male) |
| 17:54 | Create | Villager (Male) |
| 17:55 | Create | Villager (Male) |
| 17:57 | Build | Farm |
| 17:59 | Build | Farm |
| 18:00 | Create | Villager (Male) |
| 18:02 | Create | Villager (Male) |
| 18:03 | Create | Villager (Male) |
| 18:04 | Create | Villager (Male) |
| 18:07 | Build | Farm |
| 18:20 | Create | Villager (Male) |
| 18:23 | Build | Farm |
| 18:25 | Create | Villager (Male) |
| 18:26 | Build | Lumber Camp |
| 18:28 | Build | Mining Camp |
| 18:37 | Research | Loom |
| 18:45 | Build | Farm |
| 18:47 | Build | Farm |
Match timeline
| 6:51 | Brunker · age_up feudal |
| 7:14 | ashikada · age_up feudal |
| 7:36 | kazusa · age_up feudal |
| 7:37 | OS | dreamerion92 · age_up feudal |
| 7:38 | 犹大sama · age_up feudal |
| 8:01 | Zni.Locuss · age_up feudal |
| 8:01 | 钢铁直男 · age_up feudal |
| 8:02 | BoyWonder_ · age_up feudal |
| 8:33 | OS | dreamerion92 · first_market_sell 100 wood |
| 8:41 | kazusa · first_market_sell 100 wood |
| 8:50 | Brunker · wall_segment Palisade Wall x1 |
| 10:34 | Brunker · age_up castle |
| 10:42 | Zni.Locuss · age_up castle |
| 10:47 | ashikada · age_up castle |
| 11:13 | BoyWonder_ · age_up castle |
| 11:14 | OS | dreamerion92 · age_up castle |
| 11:16 | 犹大sama · age_up castle |
| 11:22 | kazusa · age_up castle |
| 11:34 | 钢铁直男 · age_up castle |
| 13:47 | BoyWonder_ · first_market_buy 100 food |
| 14:47 | OS | dreamerion92 · first_building Monastery |
| 14:48 | Zni.Locuss · first_building Monastery |
| 15:03 | BoyWonder_ · first_building Monastery |
| 15:54 | ashikada · first_building Monastery |
| 18:07 | Brunker · first_building Monastery |
| 18:11 | BoyWonder_ · first_building Stable |
| 18:15 | 钢铁直男 · first_building Archery Range |
| 18:34 | 钢铁直男 · wall_segment Stone Wall x10 |
| 20:10 | OS | dreamerion92 · first_building Siege Workshop |
| 20:21 | 钢铁直男 · wall_segment Stone Wall x15 |
| 20:25 | Brunker · first_building Archery Range |
| 20:38 | ashikada · first_building Archery Range |
| 20:40 | 犹大sama · first_building Monastery |
| 20:59 | 钢铁直男 · first_building Castle |
| 21:12 | Zni.Locuss · first_building Stable |
| 21:23 | kazusa · wall_segment Stone Wall x4 |
| 21:27 | kazusa · first_building Siege Workshop |
| 21:38 | Zni.Locuss · first_building Castle |
| 21:39 | kazusa · first_building Archery Range |
| 22:10 | 犹大sama · first_building Barracks |
| 22:11 | BoyWonder_ · first_building Siege Workshop |
| 22:14 | OS | dreamerion92 · first_building Barracks |
| 22:42 | BoyWonder_ · age_up imperial |
| 23:39 | 钢铁直男 · age_up imperial |
| 23:45 | kazusa · first_market_buy 100 wood |
| 23:48 | kazusa · first_building Stable |
| 23:49 | 犹大sama · wall_segment Stone Wall x10 |
| 23:52 | 犹大sama · wall_segment Stone Wall x12 |
| 23:54 | 犹大sama · wall_segment Stone Wall x7 |
| 23:58 | 犹大sama · wall_segment Stone Wall x7 |
| 24:05 | ashikada · age_up imperial |
| 24:06 | ashikada · first_building Barracks |
| 24:07 | 犹大sama · first_building Castle |
| 24:08 | Zni.Locuss · age_up imperial |
| 24:09 | Brunker · first_building Stable |
| 24:14 | OS | dreamerion92 · age_up imperial |
| 24:42 | 钢铁直男 · first_market_sell 100 food |
| 24:43 | kazusa · age_up imperial |
| 25:07 | Brunker · first_building Castle |
| 25:17 | Brunker · first_market_sell 100 food |
| 25:22 | Brunker · age_up imperial |
| 25:37 | kazusa · first_building Castle |
| 25:40 | 犹大sama · age_up imperial |
| 25:59 | ashikada · first_building Castle |
| 25:59 | 钢铁直男 · first_building Siege Workshop |
| 26:25 | BoyWonder_ · first_market_sell 500 wood |
| 26:41 | 犹大sama · wall_segment Stone Wall x4 |
| 26:44 | ashikada · first_building Siege Workshop |
| 27:54 | ashikada · first_market_buy 100 wood |
| 29:30 | 钢铁直男 · first_building Stable |
| 30:56 | BoyWonder_ · first_building Castle |
| 31:24 | OS | dreamerion92 · first_building Castle |
| 31:24 | 钢铁直男 · first_market_buy 100 stone |
| 31:32 | OS | dreamerion92 · first_market_buy 500 wood |
| 32:14 | 犹大sama · first_market_sell 500 wood |
| 33:03 | 钢铁直男 · wall_segment Stone Wall x3 |
| 33:38 | 犹大sama · wall_segment Stone Wall x1 |
| 33:39 | Zni.Locuss · first_market_sell 500 food |
| 33:40 | Zni.Locuss · first_market_buy 100 stone |
| 34:26 | kazusa · resign |
[ AI ANALYSIS · 1 CREDIT ]
What really happened in this match?
Wolo.gg analyzes every decision: build order, eco, micro, common mistakes by bracket. Personalized analysis on WhatsApp or Discord in 30 seconds.
Civ guide
Dravidians
Perfil
Jugador #11340951